 Dungeon Crawl Stone Soup version 0.25.1-2-g60ff931df9 (webtiles) character file.

Game seed: 11926608832490051263

289 ArchParadox the Vexing (level 6, 0/35 HPs)
             Began as a Deep Elf Enchanter on Oct 17, 2020.
             Slain by a worker ant (1 damage)
             ... on level 4 of the Dungeon.
             The game lasted 00:16:35 (4931 turns).

ArchParadox the Vexing (Deep Elf Enchanter)         Turns: 4931, Time: 00:16:35

Health: 0/35       AC:  3    Str:  7    XL:     6   Next: 9%
Magic:  2/12       EV: 13    Int: 20    God:
Gold:   148        SH:  0    Dex: 15    Spells: 5/11 levels left

rFire    . . .     SeeInvis .   a - +1 dagger
rCold    . . .     Gourm    .   (no shield)
rNeg     . . .     Faith    .   b - +0 robe
rPois    .         Spirit   .   r - +1 hat
rElec    .         Reflect  .   C - scarf {+Inv}
rCorr    .         Harm     .   (no gloves)
MR       +....                  (no boots)
Stlth    +++.......             (no amulet)
HPRegen  0.11/turn              s - ring of wizardry
MPRegen  0.13/turn              x - ring of protection from magic

@: lethally poisoned (0 -> -9)
A: no striking features
a: Evoke Invisibility


You were on level 4 of the Dungeon.
You were not hungry.

You visited 1 branch of the dungeon, and saw 4 of its levels.

You collected 148 gold pieces.

Inventory:

Hand Weapons
 a - a +1 dagger (weapon)
 y - a +2 mace of holy wrath
Missiles
 h - 20 bolts
 j - 94 stones (quivered)
 t - 8 curare-tipped darts
 u - 61 arrows
 v - 7 javelins
Armour
 b - a +0 robe (worn)
 r - a +1 hat (worn)
 C - a scarf of invisibility (worn)
Jewellery
 c - a cursed ring of teleportation
 s - a ring of wizardry (left hand)
 w - a cursed -4 ring of evasion {unknown}
 x - a ring of protection from magic (right hand)
Scrolls
 e - a scroll of blinking {unknown}
 g - a scroll of amnesia {unknown}
 l - a scroll of magic mapping
 n - a scroll of random uselessness {unknown}
 q - a scroll of teleportation {unknown}
 B - a scroll of remove curse {unknown}
 D - a scroll of identify
Potions
 f - a potion of might {unknown}
 i - a potion of cancellation {unknown}
 k - 2 potions of lignification {unknown}
 m - a potion of resistance {unknown}
 o - a potion of ambrosia {unknown}
 z - a potion of flight {unknown}
 A - a potion of curing {unknown}
Comestibles
 d - 6 rations


   Skills:
 + Level 2.0 Fighting
 + Level 2.7 Short Blades
 - Level 2.4 Dodging
 + Level 5.0 Stealth
 - Level 3.0 Spellcasting
 * Level 6.6 Hexes


You had 5 spell levels left.
You knew the following spells:

 Your Spells              Type           Power        Failure   Level  Hunger
a - Corona                Hex            ####...      1%          1    None
b - Ensorcelled Hibernat  Hex/Ice        ###...       2%          2    ##.....
c - Confusing Touch       Hex            ####....     1%          3    ###....

Your spell library contained the following spells:

 Spells                   Type           Power        Failure   Level  Hunger
 Tukima's Dance           Hex            ####....     1%          3    ###....
 Dazzling Flash           Conj/Hex       ###...       4%          3    ###....


Dungeon Overview and Level Annotations

Branches:
Dungeon (4/15)
 Temple: D:4-7

Altars:
Fedhas
Kikubaaqudgha
Nemelex Xobeh
Qazlal


Message History

The worker ant is outlined in light.
You feel sick. The worker ant barely misses you. The worker ant misses you.
You hit the worker ant but do no damage.
You feel sick. The worker ant bites you!
You hit the worker ant but do no damage.
You feel sick. The worker ant misses you.
You hit the worker ant.
The worker ant is moderately wounded.
You feel sick. The worker ant bites you.
* * * LOW HITPOINT WARNING * * *
You hit the worker ant.
The worker ant is moderately wounded.
* * * LOW HITPOINT WARNING * * *
You feel sick. The worker ant bites you!
* * * LOW HITPOINT WARNING * * *
You hit the worker ant but do no damage.
The worker ant is moderately wounded.
* * * LOW HITPOINT WARNING * * *
You feel sick. The worker ant bites you.
You die...

##...#.# ......##...#
....[##...# ....##...#
...##...### ..##.....#
#+#a##.....#
#.#@##.....###
#.#..........#
#.#..........#
########(...........#
#.........#.........#
#.........#.........+
#..)......#.........#
#.........#.........#
#.........######.#.....


You could see a worker ant (corona).

Vanquished Creatures
  An orc wizard (D:3)
  An orc priest (D:3)
  Natasha (thrice) (D:2)
  A worker ant (D:4)
  A hound skeleton (D:2)
  3 adders
  3 oozes
  4 worms
  2 dart slugs (D:1)
  3 leopard geckos
  4 orcs
  5 bats
  2 giant cockroaches
  9 hobgoblins
  3 jackals (D:2)
  4 kobolds
  4 quokkas (D:2)
  A ball python (D:1)
  3 frilled lizards
  4 goblins
  10 rats
71 creatures vanquished.

Notes
Turn   | Place    | Note
-------+----------+-------------------------------------------
     0 | D:1      | ArchParadox the Deep Elf Enchanter began the quest for the
                  | Orb.
     0 | D:1      | Reached XP level 1. HP: 10/10 MP: 6/6
   364 | D:1      | Reached XP level 2. HP: 12/16 MP: 5/8
   527 | D:1      | Found a sparkling altar of Nemelex Xobeh.
   714 | D:1      | Learned a level 2 spell: Ensorcelled Hibernation
  1416 | D:2      | Reached XP level 3. HP: 20/20 MP: 6/9
  1517 | D:1      | Learned a level 3 spell: Confusing Touch
  1687 | D:2      | Noticed Natasha
  1690 | D:2      | Killed Natasha
  1690 | D:2      | Reached skill level 1 in Fighting
  1690 | D:2      | Reached skill level 5 in Hexes
  1866 | D:2      | Reached XP level 4. HP: 23/25 MP: 10/10
  2146 | D:2      | Noticed Natasha
  2168 | D:2      | Killed Natasha
  2400 | D:2      | Found a blossoming altar of Fedhas.
  2401 | D:2      | Found an ancient bone altar of Kikubaaqudgha.
  2918 | D:3      | Reached XP level 5. HP: 23/29 MP: 0/11
  3075 | D:2      | Noticed Natasha
  3080 | D:2      | Killed Natasha
  3274 | D:2      | Reached skill level 6 in Hexes
  4545 | D:3      | Found a stormy altar of Qazlal.
  4554 | D:3      | Reached XP level 6. HP: 33/35 MP: 7/12
  4787 | D:4      | Reached skill level 5 in Stealth
  4930 | D:4      | HP: 1/35 [worker ant (8)]
  4931 | D:4      | Slain by a worker ant

Illustrated notes

Levels and vault maps discovered:
D:1:      mrwooster_arrival_statue, layout_loops_cross,
          nemelex_xobeh_ov_fountains_minmay
D:2:      layout_basic, grunt_temple_overflow_growth_and_decay,
          minmay_misc_feat_enclosed, minivault_5, minmay_pentomino_w4,
          uniq_natasha
D:3:      layout_rooms, nicolae_overflow_crystal_walls, corexii_corridor_pit
D:4:      layout_basic, first_ration, lemuel_tele_altar

Skill      XL: |  1  2  3  4  5  6 |
---------------+-------------------+-----
Fighting       | 1 2 |  2.0
Stealth        | 4 5 |  5.0
Hexes          | 5 6 |  6.6
Short Blades   | 2 |  2.7
Dodging        | |  2.4
Spellcasting   | |  3.0

Action                   |  1- 3 |  4- 6 || total
-------------------------+-------+-------++-------
Melee: Dagger            |    78 |    94 ||   172
 Cast: Corona            |    12 |     5 ||    17
       Ensorcelled Hiber |    20 |    62 ||    82
       Confusing Touch   |     1 |     1 ||     2
  Use: Scroll            |       |     3 ||     3
 Stab: Sleeping          |    18 |    33 ||    51
       Confused          |       |     1 ||     1
  Eat: Chunk             |     4 |    12 ||    16
Armor: Robe              |    20 |    18 ||    38
Dodge: Dodged            |    38 |    60 ||    98
